 Dungeon Crawl Stone Soup version 0.20.0-15-g7f486f2 (webtiles) character file.

1640 Peloso the Slasher (level 8, -2/71 HPs)
             Began as a Minotaur Fighter on July 1, 2017.
             Was a Believer of Okawaru.
             Slain by an orc warrior
             ... wielding a +0 battleaxe
              (22 damage)
             ... on level 6 of the Dungeon.
             The game lasted 00:13:57 (5310 turns).

Peloso the Slasher (Minotaur Fighter)               Turns: 5310, Time: 00:13:58

Health: -2/71      AC: 12    Str: 22    XL:     8   Next: 66%
Magic:  7/7        EV:  7    Int:  7    God:    Okawaru [**....]
Gold:   258        SH: 11    Dex: 11    Spells: 7/7 levels left

rFire    . . .     SeeInvis .   q - +3 falchion
rCold    . . .     Gourm    .   c - +0 shield
rNeg     . . .     Faith    .   k - +0 chain mail
rPois    +         Spirit   .   (helmet restricted)
rElec    .         Reflect  .   x - +1 cloak of the Onion {rPois rCorr Int+2}
rCorr    +         Harm     .   (no gloves)
MR       .....                  (no boots)
Stlth    ..........             (no amulet)
Regen    0.3/turn               (no ring)
MPRegen  0.1/turn               (no ring)

@: no status effects
A: retaliatory headbutt, horns 2
a: Heroism, Renounce Religion


You were on level 6 of the Dungeon.
You worshipped Okawaru.
Okawaru was pleased with you.
You were not hungry.

You visited 1 branch of the dungeon, and saw 6 of its levels.

You collected 302 gold pieces.
You spent 44 gold pieces at shops.

Inventory:

Hand Weapons
 a - a +1 long sword
 h - a -3 short sword
 q - a +3 falchion (weapon)
Armour
 b - a +0 scale mail
 c - a +0 shield (worn)
 k - a +0 chain mail (worn)
 x - the +1 cloak of the Onion (worn) {rPois rCorr Int+2}
   (You found it on level 6 of the Dungeon)

   It affects your intelligence (+2).
   It protects you from poison.
   It protects you from acid and corrosion.
Wands
 p - a wand of disintegration (14/24)
 r - a wand of iceblast (8/15)
 F - a wand of flame (24/48)
Scrolls
 g - 6 scrolls of teleportation
 j - 2 scrolls of amnesia
 v - a scroll of enchant armour
 y - a scroll of recharging
 A - 2 scrolls of blinking {unknown}
 B - a scroll of remove curse
Potions
 d - a potion of might
 e - a potion of invisibility
 i - a potion of curing
 l - 3 potions of haste
 m - 2 potions of ambrosia
 o - 4 potions of brilliance {unknown}
 s - a potion of magic {unknown}
 t - 2 potions of mutation {unknown}
 w - a potion of cancellation {unknown}
 z - a potion of agility {unknown}
 C - 2 potions of heal wounds {unknown}
 E - a potion of lignification {unknown}
Books
 H - a book of Conjurations

   Spells                             Type                      Level
   a - Magic Dart                     Conjuration                  1
   b - Searing Ray                    Conjuration                  2
   c - Dazzling Spray                 Conjuration/Hexes            3
   d - Fulminant Prism                Conjuration/Hexes            4
   e - Force Lance                    Conjuration/Translocation    4
   f - Iskenderun's Mystic Blast      Conjuration                  4
Comestibles
 f - 5 bread rations
 n - 4 fruits
 u - 5 royal jellies
 D - a meat ration
 G - a chunk of flesh


   Skills:
 + Level 6.6 Fighting
 + Level 3.5(5.6) Short Blades
 + Level 7.5(7.9) Long Blades
 + Level 6.8 Armour
 + Level 1.3 Dodging
 + Level 0.6 Stealth
 + Level 7.0 Shields


You had 7 spell levels left.
You didn't know any spells.

Dungeon Overview and Level Annotations

Branches:
Dungeon (6/15)             Temple (0/1) D:5

Altars:
Cheibriados
Gozag
Okawaru
Qazlal
Ru
Trog

Shops:
D:4 =:*   D:5 :%=%

Annotations:
D:6 Prince Ribbit


Innate Abilities, Weirdness & Mutations

You reflexively headbutt those who attack you in melee.
You have a pair of horns on your head.


Message History

You slash the orc wizard!
You kill the orc wizard!
Okawaru accepts your kill. Prince Ribbit hits you!
Prince Ribbit blinks!
You hit the orc warrior.
The orc warrior is lightly wounded.
The orc warrior hits you with a battleaxe!
You closely miss the orc warrior.
The orc warrior is lightly wounded.
The orc warrior hits you with a battleaxe!
You hit the orc warrior.
The orc warrior is lightly wounded.
You slash the orc warrior!
The orc warrior is heavily wounded.
The orc warrior hits you with a battleaxe!
* * * LOW HITPOINT WARNING * * *
You feel better.
The orc warrior hits you with a battleaxe!!
You die...

#.......# #........?#....
.####.......# #.........#....
)...........###########.###.##
.......%.....................
#........####.##.########..#
#......F{####.##.# #..#
#.....).h.{h#.##.# #..#
#.......o##o#.##.########..#
#........##@#.##...........#
#...###..##.#.############.#
#... #..##.... ....... #..
#...###.# ..#..## <... ..#...
.. #.... #... ###.... .. #
#..## .... ... ... #. #..##
### #..##.## #.......


You could see an orc warrior and a hound.

Vanquished Creatures
  Grinder (D:5)
  The ghost of gorpus the Magician, an amateur OpEE (D:4)
  2 sky beasts (D:6)
  A phantom (D:4)
  3 centaurs (D:5)
  A scorpion (D:4)
  A centaur zombie (D:6)
  A crimson imp (D:5)
  A jelly (D:5)
  2 hounds (D:4)
  3 orc priests
  3 orc wizards
  A centaur skeleton (D:4)
  Jessica (D:2)
  An iguana (D:6)
  Natasha (thrice) (D:2)
  A worker ant (D:4)
  A hound skeleton (D:4)
  7 adders
  3 adder skeletons
  6 worms
  A dart slug (D:1)
  3 leopard geckos (D:2)
  17 orcs
  A ball python (D:3)
  2 giant cockroaches
  11 goblins
  7 hobgoblins
  7 jackals
  2 quokkas
  5 bats
  9 frilled lizards
  10 kobolds
  5 rats
124 creatures vanquished.

Notes
Turn   | Place    | Note
-------+----------+-------------------------------------------
     0 | D:1      | Peloso the Minotaur Fighter began the quest for the Orb.
     0 | D:1      | Reached XP level 1. HP: 19/19 MP: 0/0
    65 | D:1      | Reached XP level 2. HP: 21/27 MP: 1/1
   938 | D:1      | Reached XP level 3. HP: 33/33 MP: 2/2
   983 | D:2      | Noticed Jessica
  1003 | D:2      | Killed Jessica
  1105 | D:2      | Reached skill level 1 in Short Blades
  1141 | D:2      | Reached XP level 4. HP: 37/40 MP: 3/3
  1496 | D:2      | Noticed Natasha
  1505 | D:2      | Killed Natasha
  1505 | D:2      | Reached XP level 5. HP: 40/46 MP: 4/4
  1537 | D:2      | Noticed Natasha
  1584 | D:2      | Killed Natasha
  1588 | D:2      | Noticed Natasha
  1606 | D:2      | Killed Natasha
  1606 | D:2      | Reached skill level 5 in Shields
  1881 | D:2      | Found a stormy altar of Qazlal.
  2301 | D:3      | Reached skill level 5 in Armour
  2301 | D:3      | Reached XP level 6. HP: 11/53 MP: 5/5
  2522 | D:3      | Found a sacrificial altar of Ru.
  2610 | D:3      | Found an opulent altar of Gozag.
  3193 | D:3      | Found an iron altar of Okawaru.
  3197 | D:3      | Found a bloodstained altar of Trog.
  3201 | D:3      | Became a worshipper of Warmaster Okawaru
  3709 | D:4      | Noticed gorpus's ghost (amateur OpEE)
  3716 | D:4      | Killed gorpus's ghost
  3716 | D:4      | Reached skill level 5 in Fighting
  3716 | D:4      | Reached XP level 7. HP: 49/61 MP: 6/6
  3723 | D:4      | Found Jount's General Store.
  3728 | D:4      | Bought a scroll of identify for 22 gold pieces
  3728 | D:4      | Bought a potion of degeneration for 11 gold pieces
  3728 | D:4      | Bought a scroll of random uselessness for 11 gold pieces
  3809 | D:4      | Reached * piety under Okawaru
  3843 | D:4      | Found a snail-covered altar of Cheibriados.
  3886 | D:4      | Found Pyodoz's Book Emporium.
  3920 | D:4      | Found Uterywn's Jewellery Emporium.
  4276 | D:5      | Entered Level 5 of the Dungeon
  4284 | D:5      | Found Wiafuowymo's Book Shop.
  4288 | D:5      | Reached skill level 5 in Long Blades
  4320 | D:5      | Found Teonocs's Jewellery Boutique.
  4328 | D:5      | Found Jugeqita's Food Boutique.
  4337 | D:5      | Found a staircase to the Ecumenical Temple.
  4428 | D:5      | Found Onetzid's Food Boutique.
  4465 | D:5      | Reached XP level 8. HP: 56/69 MP: 7/7
  4512 | D:5      | Noticed Grinder
  4517 | D:5      | Killed Grinder
  4930 | D:5      | Reached ** piety under Okawaru
  5138 | D:6      | Reached skill level 1 in Dodging
  5158 | D:6      | Got an ichor-stained cloak
  5164 | D:6      | Identified the +1 cloak of the Onion {rPois rCorr Int+2} (You found it on level 6 of the Dungeon)
  5290 | D:6      | Noticed Prince Ribbit
  5310 | D:6      | Slain by an orc warrior

Skill      XL: |  1  2  3  4  5  6  7  8 |
---------------+-------------------------+-----
Shields        | 4 5 6 7 |  7.0
Armour         | 4 5 6 |  6.8
Fighting       | 4 5 6 |  6.6
Long Blades    | 3 4 5 7 |  7.5
Short Blades   | 1 2 3 |  3.5
Dodging        | 1 |  1.3
Stealth        | |  0.6

Action                   |  1- 3 |  4- 6 |  7- 9 || total
-------------------------+-------+-------+-------++-------
Melee: Long sword        |    18 |       |       ||    18
       Headbutt          |    18 |    38 |    34 ||    90
       Short sword       |   105 |   202 |       ||   307
       Falchion          |       |    64 |   163 ||   227
  Use: Scroll            |     5 |     4 |     4 ||    13
       Potion            |       |       |     1 ||     1
  Eat: Chunk             |     1 |     8 |     5 ||    14
       Fruit             |       |     1 |       ||     1
Armor: Scale mail        |    17 |       |       ||    17
       Chain mail        |    41 |   109 |    53 ||   203
Dodge: Dodged            |    27 |    42 |    32 ||   101
Block: Shield            |    64 |   125 |    65 ||   254
       Rpst.: Long sword |     4 |       |       ||     4
       Falchion          |       |     3 |    10 ||    13
